 Dungeon Crawl Stone Soup version 0.16.2-12-gd0ad4c3 (webtiles) character file.

1141 4thArraOfDagon the Cleaver (level 8, -6/68 HPs)
             Began as a Deep Dwarf Fighter on Aug 5, 2016.
             Mangled by an ogre
             ... wielding a +0 giant club
              (13 damage)
             ... on level 7 of the Dungeon.
             The game lasted 00:07:05 (1000 turns).

4thArraOfDagon the Cleaver (Deep Dwarf Fighter)     Turns: 1000, Time: 00:07:05

Health: -6/68      AC: 10    Str: 22    XL:     8   Next: 14%
Magic:  6/6        EV:  7    Int:  9    God:
Gold:   201        SH:  9    Dex: 12    Spells: 0 memorised, 7 levels left

rFire  . . .     SeeInvis .     a - +1 war axe
rCold  . . .     Clarity  .     b - +1 scale mail
rNeg   . . .     SustAb   .     c - +0 shield
rPois  .         Gourm    .     (no helmet)
rElec  .         Spirit   .     t - +0 cloak
rCorr  .         Warding  .     (no gloves)
rMut   +         Stasis   .     (no boots)
MR     +....                    l - amulet of resist mutation
Stlth  ..........               (no ring)
                                (no ring)

@: non-regenerating, somewhat resistant to hostile enchantments, extremely
unstealthy
A: damage resistance, recharge devices, sense surroundings 1, slow healing 3
a: Device Recharging


You were on level 7 of the Dungeon.
You were hungry.

You visited 1 branch of the dungeon, and saw 7 of its levels.

You collected 201 gold pieces.

Inventory:

Hand weapons
 a - a +1 war axe (weapon)
Armour
 b - a +1 scale mail (worn)
 c - a +0 shield (worn)
 t - a +0 cloak (worn)
 u - a cursed +0 plate armour
Jewellery
 l - an amulet of resist mutation (around neck)
Magical devices
 d - a wand of heal wounds (2)
 h - a wand of cold (0)
 k - a wand of cold (0)
 r - a wand of digging (5)
 s - a wand of confusion (15)
Scrolls
 j - a scroll of enchant weapon
 m - 2 scrolls of remove curse
Potions
 e - a potion of might
 g - a potion of heal wounds {unknown}
 q - a potion of poison
Books
 i - a book of Envenomations

   Spells                             Type                      Level
   a - Spider Form                    Transmutation/Poison         3
   b - Alistair's Intoxication        Transmutation/Poison         4
   c - Olgreb's Toxic Radiance        Poison                       4
   d - Poisonous Cloud                Conjuration/Poison/Air       6
Comestibles
 f - 2 bread rations
 n - a beef jerky
 o - 3 fruits
 p - 2 meat rations
 v - 2 chunks of flesh


   Skills:
 - Level 2.6 Fighting
 * Level 9.1 Axes
 + Level 6.7 Armour
 - Level 3.2 Shields


You had 7 spell levels left.
You didn't know any spells.

Dungeon Overview and Level Annotations

Branches:
Dungeon (7/15)
 Temple: D:4-7

Altars:
Elyvilon
Vehumet

Annotations:
D:3 Ijyb


Innate Abilities, Weirdness & Mutations

You are resistant to damage.
You can recharge devices by infusing magical energy.
You passively map a small area around you.
You do not heal naturally.


Message History

The ogre moves out of view.
The ogre hits you with a giant club!
* * * LOW HITPOINT WARNING * * *
Unknown command.
You completely miss the ogre.
Unknown command.
You barely miss the ogre. You block the ogre's attack.
Unknown command.
You slash the ogre!
The ogre is heavily wounded.
The ogre closely misses you.
Unknown command.
You hit the ogre.
The ogre is heavily wounded.
The ogre closely misses you.
Unknown command.
You slash the ogre!
The ogre is almost dead.
The ogre hits you with a giant club!
You die...

####* #... #...
#...### #..?@.#
#..O#.########
#...#........####
##.).#######....###
###. ####...### ##*
, ###...# *
#.....#.. #####.###
#.# #


You could see an ogre.

Vanquished Creatures
  Prince Ribbit (D:6)
  2 ice beasts
  2 orc warriors (D:7)
  Duvessa (D:6)
  A water moccasin skeleton (D:7)
  Dowan (D:6)
  2 orc priests
  2 jellies
  4 orc wizards
  3 worker ants
  5 adders
  A worm (D:5)
  An adder zombie (D:5)
  A giant gecko (D:7)
  8 orcs
  3 giant cockroaches
  4 goblins
  2 hobgoblins
  2 jackals (D:3)
  4 kobolds
  A quokka (D:3)
  6 bats
  A giant gecko zombie (D:5)
  4 giant newts
  A jackal zombie (D:5)
  2 rats
65 creatures vanquished.

Notes
Turn   | Place    | Note
--------------------------------------------------------------
     0 | D:1      | 4thArraOfDagon, the Deep Dwarf Fighter, began the quest for the Orb.
     0 | D:1      | Reached XP level 1. HP: 20/20 MP: 1/1
   137 | D:2      | Reached XP level 2. HP: 27/27 MP: 2/2
   243 | D:3      | Reached skill level 4 in Axes
   243 | D:3      | Reached XP level 3. HP: 14/33 MP: 3/3
   251 | D:3      | Found a white marble altar of Elyvilon.
   310 | D:3      | Reached XP level 4. HP: 15/40 MP: 4/4
   398 | D:3      | Noticed Ijyb
   447 | D:5      | Entered Level 5 of the Dungeon
   454 | D:5      | Noticed an ice beast
   507 | D:5      | Killed an ice beast
   507 | D:5      | Reached skill level 5 in Axes
   507 | D:5      | Reached XP level 5. HP: 29/46 MP: 5/5
   578 | D:5      | Reached XP level 6. HP: 22/55 MP: 6/6
   582 | D:5      | Reached skill level 6 in Axes
   587 | D:5      | Reached skill level 5 in Armour
   684 | D:6      | Noticed Prince Ribbit
   689 | D:6      | HP: 1/55 [Prince Ribbit (15)]
   724 | D:6      | Noticed Dowan
   725 | D:6      | Noticed Duvessa
   740 | D:6      | Killed Duvessa
   760 | D:6      | Killed Dowan
   760 | D:6      | Reached skill level 7 in Axes
   769 | D:6      | Killed Prince Ribbit
   769 | D:6      | Reached XP level 7. HP: 34/61 MP: 5/5
   807 | D:7      | Found a radiant altar of Vehumet.
   836 | D:7      | Reached skill level 8 in Axes
   878 | D:7      | Reached XP level 8. HP: 11/68 MP: 6/6
   945 | D:7      | Reached skill level 9 in Axes
  1000 | D:7      | Mangled by an ogre

Action                   |  1- 3 |  4- 6 |  7- 9 || total
-------------------------+-------+-------+-------++-------
Melee: War axe           |    78 |    72 |    55 ||   205
 Abil: Device Recharging |       |     2 |       ||     2
Evoke: Wand              |       |    17 |    10 ||    27
  Use: Potion            |     3 |     1 |     1 ||     5
       Scroll            |       |     7 |     1 ||     8
 Stab: Confused          |       |       |     1 ||     1
  Eat: Chunk             |       |       |     1 ||     1
